 Dungeon Crawl Stone Soup version 0.30.0-17-ge0270778cf (webtiles) character file.

Game seed: 9313038241185809690

1034 croobank the Insei (level 8, 0/60 HPs)
             Began as a Gnoll Transmuter on May 23, 2023.
             Slain by a troll (3 damage)
             ... on level 5 of the Dungeon.
             The game lasted 00:16:48 (5556 turns).

croobank the Insei (Gnoll Transmuter)               Turns: 5556, Time: 00:16:49

Health: 0/60       AC:  4    Str:  8 (9)  XL:     8   Next: 24%
Magic:  15/17      EV: 14    Int: 15 (16) God:
Gold:   220        SH:  0    Dex: 12      Spells: 12/19 levels left

rFire   . . .        s - +5 trident "Deytozah" {venom, rN+ rCorr}
rCold   + . .        (no shield)
rNeg    + . .        r - +0 robe {Will+}
rPois   .            (helmet currently unavailable)
rElec   .            (no cloak)
rCorr   +            t - +1 pair of gloves
SInv    .            (boots currently unavailable)
Will    +....        (no amulet)
Stlth   ++           q - ring of protection from cold
HPRegen 0.30/turn    (no ring)
MPRegen 0.15/turn

%: no passive effects
@: appendages, wereblooded
A: horns 2, talons 2, fangs 1, strong nose, distributed training
a: End Transformation


You were on level 5 of the Dungeon.
You had temporarily grown beastly horns and talons.
You visited 1 branch of the dungeon, and saw 5 of its levels.

You collected 220 gold pieces.

Inventory:

Hand Weapons
 a - a +2 short sword of speed
 b - a +0 sling
 f - a +0 war axe of freezing
 i - a +0 short sword
 m - a +0 long sword
 s - the +5 trident "Deytozah" (weapon) {venom, rN+ rCorr}
   (You found it on level 3 of the Dungeon)

   rN:        It protects you from negative energy.
   rCorr:     It protects you from acid and corrosion.
 w - a +2 hand axe of venom
 y - a +0 short sword of electrocution
Missiles
 o - 12 poisoned darts (quivered)
 x - 5 javelins
 A - 3 silver boomerangs
Armour
 d - a +0 leather armour
 h - a +0 ring mail
 r - a +0 robe of willpower (worn)
 t - a +1 pair of gloves (worn)
 v - a +1 chain mail of fire resistance
Jewellery
 j - an amulet of the acrobat
 q - a ring of protection from cold (left hand)
Wands
 l - a wand of polymorph (2)
Scrolls
 g - a scroll of fear
Potions
 c - a potion of magic
 e - 2 potions of curing
 k - a potion of cancellation
 n - 2 potions of mutation
 p - a potion of flight
 u - a potion of degeneration
 z - 2 potions of might
 B - a potion of berserk rage {unknown}


   Skills:
 + Level 4.1 Fighting
 + Level 3.2 Short Blades
 + Level 3.2 Long Blades
 + Level 3.2 Axes
 + Level 3.2 Maces & Flails
 + Level 3.2 Polearms
 + Level 3.2 Staves
 + Level 3.2 Ranged Weapons
 + Level 3.2 Throwing
 + Level 3.2 Armour
 + Level 5.6 Dodging
 + Level 3.2 Stealth
 + Level 3.2 Shields
 + Level 7.3 Unarmed Combat
 + Level 6.0 Spellcasting
 + Level 2.6 Conjurations
 + Level 2.6 Hexes
 + Level 2.6 Summonings
 + Level 2.6 Necromancy
 + Level 2.6 Translocations
 + Level 4.6 Transmutations
 + Level 2.6 Fire Magic
 + Level 2.6 Ice Magic
 + Level 2.6 Air Magic
 + Level 2.6 Earth Magic
 + Level 2.6 Poison Magic
 + Level 3.5 Invocations
 + Level 3.2 Evocations


You had 12 spell levels left.
You knew the following spells:

 Your Spells              Type           Power      Damage    Failure   Level
a - Beastly Appendage     Tmut           36%        N/A       2%          1
b - Wereblood             Tmut           18%        N/A       3%          2
c - Ice Form              Ice/Tmut       15%        N/A       32%         4

Your spell library contained the following spells:

 Spells                   Type           Power      Damage    Failure   Level
 Shock                    Conj/Air       48%        1d6       4%          1
 Scorch                   Fire           24%        2d6       8%          2
 Spider Form              Tmut/Pois      15%        N/A       10%         3
 Swiftness                Air            12%        N/A       16%         3
 Airstrike                Air            6%         2d(1-17)  45%         4
 Flame Wave               Conj/Fire      12%        2d6       45%         4
 Summon Cactus Giant      Summ           6%         N/A       100%        6


Dungeon Overview and Level Annotations

Branches:
Dungeon (5/15)
 Temple: D:4-7

Altars:
Nemelex Xobeh
Wu Jian
Xom
The Shining One

Shops:
D:3 =


Innate Abilities, Weirdness & Mutations

You have temporarily grown beastly horns and talons.
You have very sharp teeth.
Your uncanny sense of smell can sniff out nearby items.
Your experience applies equally to all skills.


Message History

Press: ? - help, Q - select action, (/) - cycle Shift-Dir - straight line, f - troll
Aim: a troll (60% to hit)
You throw a poisoned dart. The poisoned dart hits the troll!
The troll is poisoned.
Throw: 13 darts (poison)
Press: ? - help, Q - select action, (/) - cycle Shift-Dir - straight line, f/p - troll
Aim: a troll (very poisoned, 60% to hit)
You throw a poisoned dart.
The poisoned dart barely misses the troll.
Reach: s) +5 trident "Deytozah" {venom, rN+ rCorr}
Press: ? - help, Dir - move target, f/p - troll
Aim: a troll (very poisoned, about 35% to evade the +5 trident "Deytozah")
You hit the troll but do no damage.
The troll looks as sick as possible!
Your kick misses the troll. The troll completely misses you.
The troll misses you. The troll completely misses you.
Reach: s) +5 trident "Deytozah" {venom, rN+ rCorr}
Press: ? - help, Dir - move target, f/p - troll
Aim: a troll (lightly wounded, extremely poisoned, about 35% to evade the +5 trident "Deytozah")
You hit the troll. You claw the troll. Your headbutt misses the troll.
The troll is moderately wounded.
The troll closely misses you. The troll misses you. The troll claws you!
The troll barely misses you. The troll claws you. The troll claws you!
Reach: s) +5 trident "Deytozah" {venom, rN+ rCorr}
Press: ? - help, Dir - move target, f/p - troll
Aim: a troll (lightly wounded, extremely poisoned, about 35% to evade the +5 trident "Deytozah")
You hit the troll.
The troll looks as sick as possible!
The troll is moderately wounded.
The troll bites you. The troll claws you but does no damage.
The troll claws you!
Reach: s) +5 trident "Deytozah" {venom, rN+ rCorr}
Press: ? - help, Dir - move target, f/p - troll
Aim: a troll (moderately wounded, extremely poisoned, about 35% to evade the +5 trident "Deytozah")
You hit the troll.
The troll looks as sick as possible!
Your kick misses the troll. Your headbutt misses the troll.
Your bite misses the troll.
The troll is heavily wounded.
The troll bites you!!
* * * LOW HITPOINT WARNING * * *
The troll claws you.
You die...

#.....#########...##..#......
#.....##.....##...##..#......
#.............#...##'#######'
#.............#....'....#....
#.....##.....##...##....#....
#.....##.....##...##....#....
#.......................#....
#.......................#....
#.....######@#######.##.#####
#.....#....T......##.##.##...
.. #...........#...#..#...
#..(........#...#..#...
#...........#...'..#...
#(..........######'#...
#......#####...........
#......# #........#'#
#........#..


You could see a troll (extremely poisoned).

Vanquished Creatures
  Grinder (D:3)
  A water moccasin (D:5)
  A phantom (D:4)
  Blork the orc (D:5)
  4 scorpions
  A hound (D:4)
  3 orc priests (D:5)
  A sleepcap (D:5)
  A jelly (D:4)
  An iguana (D:5)
  A gnoll (D:3)
  8 adders
  2 worms
  2 dart slugs
  4 orcs
  4 ball pythons
  8 bats
  6 endoplasms
  2 giant cockroaches
  4 goblins
  3 hobgoblins
  6 jackals (D:4)
  3 kobolds (D:4)
  A frilled lizard (D:1)
  2 rats
71 creatures vanquished.

Notes
Turn   | Place    | Note
-------+----------+-------------------------------------------
     0 | D:1      | croobank the Gnoll Transmuter began the quest for the Orb.
     0 | D:1      | Reached XP level 1. HP: 17/17 MP: 6/6
   387 | D:1      | Reached XP level 2. HP: 23/23 MP: 7/7
   390 | D:1      | Learned a level 2 spell: Wereblood
  1680 | D:2      | Reached skill level 5 in Spellcasting
  1680 | D:2      | Reached XP level 3. HP: 17/28 MP: 4/9
  1917 | D:2      | Reached skill level 1 in Invocations
  1923 | D:2      | You fall into a shaft and drop 2 floors!
  1981 | D:4      | Reached skill level 1 in Short Blades
  1981 | D:4      | Reached skill level 1 in Long Blades
  1981 | D:4      | Reached skill level 1 in Axes
  1981 | D:4      | Reached skill level 1 in Maces & Flails
  1981 | D:4      | Reached skill level 1 in Polearms
  1981 | D:4      | Reached skill level 1 in Staves
  1981 | D:4      | Reached skill level 1 in Ranged Weapons
  1981 | D:4      | Reached skill level 1 in Throwing
  1981 | D:4      | Reached skill level 1 in Armour
  1981 | D:4      | Reached skill level 1 in Stealth
  1981 | D:4      | Reached skill level 1 in Shields
  1981 | D:4      | Reached skill level 1 in Evocations
  2008 | D:4      | Reached skill level 1 in Conjurations
  2008 | D:4      | Reached skill level 1 in Hexes
  2008 | D:4      | Reached skill level 1 in Summonings
  2008 | D:4      | Reached skill level 1 in Necromancy
  2008 | D:4      | Reached skill level 1 in Translocations
  2008 | D:4      | Reached skill level 1 in Fire Magic
  2008 | D:4      | Reached skill level 1 in Ice Magic
  2008 | D:4      | Reached skill level 1 in Air Magic
  2008 | D:4      | Reached skill level 1 in Earth Magic
  2008 | D:4      | Reached skill level 1 in Poison Magic
  2008 | D:4      | Reached XP level 4. HP: 11/34 MP: 7/11
  2199 | D:4      | Reached XP level 5. HP: 38/40 MP: 10/12
  2212 | D:4      | Learned a level 4 spell: Ice Form
  2422 | D:3      | Noticed Grinder
  2446 | D:3      | Killed Grinder
  2447 | D:3      | Reached skill level 5 in Dodging
  2447 | D:3      | Reached XP level 6. HP: 34/47 MP: 12/14
  2447 | D:3      | Found Onnausai's Jewellery Shoppe.
  2467 | D:3      | Found a faded altar of an unknown god.
  2602 | D:2      | Identified the +7 morningstar of Japareh {freeze, rN+}
  2811 | D:3      | Found a glowing golden altar of the Shining One.
  2812 | D:3      | Found a sparkling altar of Nemelex Xobeh.
  2858 | D:3      | Found a shimmering altar of Xom.
  2858 | D:3      | Found an ornate altar of the Wu Jian Council.
  2893 | D:3      | Identified the +5 trident "Deytozah" {venom, rN+ rCorr}
  3638 | D:4      | Reached XP level 7. HP: 52/52 MP: 11/15
  3641 | D:4      | Reached skill level 7 in Unarmed Combat
  4455 | D:5      | Entered Level 5 of the Dungeon
  4531 | D:5      | HP: 1/53 [water moccasin (3)]
  4743 | D:5      | Noticed Blork the orc
  4757 | D:5      | Killed Blork the orc
  5052 | D:5      | Reached XP level 8. HP: 60/60 MP: 13/16
  5547 | D:5      | Noticed a troll
  5556 | D:5      | HP: 3/60 [troll (18)]
  5556 | D:5      | Slain by a troll

Illustrated notes

Levels and vault maps discovered:
D:1:      heliophobic_arrival_dark_side_of_the_moon, layout_basic,
          serial_forest, infiniplex_forest_clump_double,
          infiniplex_forest_clump_diagonal, infiniplex_forest_lined_room_3,
          infiniplex_forest_clump_medium, infiniplex_forest_end_1,
          infiniplex_forest_clump_double, infiniplex_forest_clump_diagonal
D:2:      layout_basic
D:3:      wad_woods_pond, layout_basic, nicolae_overflow_hidden_temple,
          nicolae_ecumenical_pavilion, serial_shops, nicolae_square_shop,
          minmay_hedge_maze, uniq_grinder
D:4:      layout_cave_pools, chequers_ossuary_entry_cave,
          serial_co_window_serial, co_window_paths_a, co_window_corner_a,
          co_window_corner_a, co_window_paths_b, co_window_of_opportunity_a,
          co_window_corner_a, co_window_corner_cb, co_window_corner_ca,
          co_window_cross_2, co_window_sun, co_window_4corner_b, glass_columns_b
D:5:      layout_gridville, uniq_blork_the_orc

Skill      XL: |  1  2  3  4  5  6  7  8 |
---------------+-------------------------+-----
Spellcasting   | 5 6 |  6.0
Invocations    | 1 2 3 |  3.5
Short Blades   | 1 2 3 |  3.2
Long Blades    | 1 2 3 |  3.2
Axes           | 1 2 3 |  3.2
Maces & Flails | 1 2 3 |  3.2
Polearms       | 1 2 3 |  3.2
Staves         | 1 2 3 |  3.2
Ranged Weapons | 1 2 3 |  3.2
Throwing       | 1 2 3 |  3.2
Armour         | 1 2 3 |  3.2
Stealth        | 1 2 3 |  3.2
Shields        | 1 2 3 |  3.2
Evocations     | 1 2 3 |  3.2
Conjurations   | 1 2 |  2.6
Hexes          | 1 2 |  2.6
Summonings     | 1 2 |  2.6
Necromancy     | 1 2 |  2.6
Translocations | 1 2 |  2.6
Fire Magic     | 1 2 |  2.6
Ice Magic      | 1 2 |  2.6
Air Magic      | 1 2 |  2.6
Earth Magic    | 1 2 |  2.6
Poison Magic   | 1 2 |  2.6
Fighting       | 3 4 |  4.1
Transmutations | 4 |  4.6
Dodging        | 5 |  5.6
Unarmed Combat | 7 |  7.3

Action                     |  1- 3 |  4- 6 |  7- 9 || total
---------------------------+-------+-------+-------++-------
  Melee: Dagger            |   174 |    64 |       ||   238
         Kick              |    18 |    18 |    20 ||    56
         Headbutt          |     9 |     7 |    13 ||    29
         Bite              |    27 |     6 |    12 ||    45
         Unarmed           |     1 |     9 |       ||    10
         Punch             |    10 |     1 |     4 ||    15
         Trident           |       |    12 |    55 ||    67
         Short sword       |       |       |    39 ||    39
   Fire: Sling             |     4 |     5 |       ||     9
  Throw: Dart              |       |     3 |     2 ||     5
   Cast: Beastly Appendage |    22 |    20 |    14 ||    56
         Wereblood         |    16 |    20 |    14 ||    50
    Use: Scroll            |     5 |     6 |     2 ||    13
         Potion            |     1 |     1 |     5 ||     7
   Stab: Sleeping          |       |     1 |     1 ||     2
         Invisible         |       |     1 |       ||     1
 Armour: Robe              |    28 |    14 |    22 ||    64
         Skin              |    19 |     2 |       ||    21
  Dodge: Dodged            |    80 |    52 |    44 ||   176
